Unix NetHack Version 3.7.0-95 Work-in-progress - last build Jan 1 2024 20:51:50 (6a0ccc5fa2390e420dd2d488a2f9488d2ae3a63b,branch:master). Game began 2024-01-12 22:03:50, ended 2024-05-05 08:25:27. etai, neutral female human Valkyrie ---- ---- |..--- ------ --- |..-- ------- |....---....-- ----- --..-- ----...| --.--..-- ---............-- --.|.-- |....---- |.....-- |.......---...............| ----- |.....------.......| --.#-#.| --))..........>....--.|...| |...-- |........--..|.--..| |..| |[| |.................|----.-- |....#--.......^..--- |.-- |.-- |.| |..)........---...| ----#............- --..- -----.# |.| --...---...-- |..-- [........... --..--....--.....# |)| |...| - ---- -#.........<...................-- |.-- ----- --..---- |...............................##|..#######...| --.....| |...............---..............-)#.-- |....| |......| ---- |@.............-- #...............-|..-- --...-- --....-- -----..| --##-.....*......#-##................|-..--|....-- --...-- |......| --+.................#--...............|--..--.....| |....---.------ --..------...........----.0............| |.....--.-- --.......| --....-------...............|..--.......| --------- |.....--- -----------..................0...---------|.....--- ---....-----............-----------........-- --....| ---...%....------------ --.---.--- ---..| ---------- --- ---- Etai the Skirmisher St:16 Dx:12 Co:18 In:8 Wi:11 Ch:8 Neutral S:1089 Dlvl:5 $:97 HP:38(51) Pw:13(14) AC:-1 Xp:5/198 T:1855 Latest messages: You feel disoriented. You feel less confused now. You feel your magical energy drain away! You swap places with your kitten. The Uruk-hai hits! You hit the Uruk-hai. You miss the Uruk-hai. The Uruk-hai hits! You miss the Uruk-hai. You hit the Uruk-hai! The Uruk-hai hits! You hit the Uruk-hai! The kitten misses the Uruk-hai. You miss the Uruk-hai. The kitten bites the Uruk-hai. The Uruk-hai is killed! Your kitten grows up into a housecat. $ - 17 gold pieces (97 in total). Really save? [yn] (n) Saving... Restoring save file... Velkommen etai, the human Valkyrie, welcome back to NetHack! # Really quit? [yn] (n) Do you want your possessions identified? [ynq] (y) Inventory: Coins $ - 97 gold pieces Weapons b - a +0 dagger (alternate weapon; not wielded) z - 10 +0 daggers (at the ready) a - a +1 spear (weapon in right hand) Armor j - an uncursed +0 orcish helm (being worn) h - an uncursed +0 pair of speed boots (being worn) c - an uncursed +3 small shield (being worn) r - an uncursed +0 dwarvish cloak (being worn) q - an uncursed +0 elven mithril-coat (being worn) Comestibles k - an uncursed cram ration d - 3 uncursed food rations Scrolls m - an uncursed scroll of charging l - an uncursed scroll of food detection x - an uncursed scroll of gold detection B - a cursed scroll of identify Potions g - an uncursed potion of healing f - a cursed potion of paralysis n - an uncursed potion of sickness A - an uncursed potion of water Wands o - a wand of probing (0:6) Tools C - an expensive camera (0:86) y - an uncursed oil lamp u - a +0 pick-axe Etai the Valkyrie's attributes: Background: You were a Skirmisher, a level 5 human Valkyrie. You were neutral, nominally on a mission for Odin who was opposed by Tyr (lawful) and Loki (chaotic). You were right-handed. You were in the Gnomish Mines, on level 5. You entered the dungeon 1855 turns ago. You had 198 experience points, 122 more were needed to attain level 6. Your score was 1089 before end-of-game adjustments. Basics: You had 38 out of 51 hit points. You had 13 out of 14 energy points (spell power). Your armor class was -1. Your wallet contained 97 zorkmids. Autopickup was on for '$' plus thrown. Final Characteristics: Your strength was 16 (peak:18, limit:18/100). Your dexterity was 12 (limit:18). Your constitution was 18 (limit:18). Your intelligence was 8 (limit:18). Your wisdom was 11 (limit:18). Your charisma was 8 (limit:18). Final Status: You weren't hungry. You were unencumbered. You were wielding a spear. You had basic skill with spear. Final Attributes: You were devoutly aligned. Your items were somewhat protected from fire. You were cold resistant. Your items were somewhat protected from cold. You were stealthy. You were guarded. You were very fast. You survived. Miscellaneous: You never encountered a bones level. Total elapsed playing time was 15 minutes and 53 seconds. Major events: Turn 1: etai the neutral human Valkyrie entered the dungeon 949: entered the Gnomish Mines 951: attained the rank of Skirmisher (level 3) 1855: quit Vanquished creatures: an Uruk-hai 3 gnome leaders 5 dwarves an iguana an acid blob 2 hobbits a green mold 16 gnomes a gecko 2 jackals a fox 3 goblins a sewer rat 6 grid bugs 2 lichens a kobold zombie 4 newts 51 creatures vanquished. No species were genocided or became extinct. Voluntary challenges: You were an atheist. You read items or engraved 1 time. You never engraved Elbereth. You never genocided any monsters. You never polymorphed an object. You never changed form. You used no wishes. Achievements: You entered the Gnomish Mines. You attained the rank of Skirmisher. The Dungeons of Doom: levels 1 to 3 Level 1: A fountain, a sink. Level 2: Level 3: A fountain. Stairs down to The Gnomish Mines. The Gnomish Mines: levels 4 to 5 Level 4: Level 5: <- You were here. Farvel etai the Valkyrie... You quit in The Gnomish Mines on dungeon level 5 with 1089 points, and 97 pieces of gold, after 1855 moves. You were level 5 with a maximum of 51 hit points when you quit.